 Dungeon Crawl Stone Soup version 0.27-a0-1119-gbf574a6 (webtiles) character file.

Game seed: 4366934751898338822

1775 Nithhogg the Cleaver (level 9, -16/70 HPs)
             Began as a Hill Orc Fighter on May 2, 2021.
             Was a Follower of Qazlal.
             Demolished by Maggie
             ... wielding a +2 broad axe of electrocution
              (17 damage)
             ... on level 6 of the Dungeon.
             The game lasted 00:08:07 (5912 turns).

Nithhogg the Cleaver (Hill Orc Fighter)             Turns: 5912, Time: 00:08:07

Health: -16/70     AC: 10    Str: 22    XL:     9   Next: 8%
Magic:  15/15      EV:  7    Int: 11    God:    Qazlal [*.....]
Gold:   224        SH: 11    Dex:  8    Spells: 8/8 levels left

rFire    . . .     SeeInvis .   a - +0 war axe
rCold    . . .     Faith    .   c - +0 kite shield
rNeg     . . .     Spirit   .   b - +1 scale mail
rPois    .         Reflect  .   g - +1 helmet {Int+3}
rElec    .         Harm     .   (no cloak)
rCorr    .         Rampage  .   (no gloves)
Will     .....                  (no boots)
Stlth    ..........             (no amulet)
HPRegen  0.21/turn              (no ring)
MPRegen  0.14/turn              (no ring)

@: brilliant, mesmerised
A: clumsy 1, MP-powered wands
a: Renounce Religion


You were on level 6 of the Dungeon.
You worshipped Qazlal.
Qazlal was aware of your devotion.
You visited 2 branches of the dungeon, and saw 7 of its levels.

You collected 224 gold pieces.

Inventory:

Hand Weapons
 a - a +0 war axe (weapon)
Missiles
 t - 5 curare-tipped darts (quivered)
Armour
 b - a +1 scale mail (worn)
 c - a +0 kite shield (worn)
 g - a +1 helmet of intelligence (worn)
Scrolls
 e - 7 scrolls of identify {unknown}
 f - a scroll of silence {unknown}
 i - 2 scrolls of enchant weapon {unknown}
 k - a scroll of amnesia {unknown}
 l - a scroll of blinking {unknown}
 m - a scroll of torment {unknown}
 r - a scroll of fog {unknown}
 u - a scroll of teleportation {unknown}
 v - a scroll of magic mapping {unknown}
Potions
 j - 3 potions of haste
 n - a potion of brilliance
 p - a potion of lignification
 q - a potion of ambrosia {unknown}


   Skills:
 - Level 3.6 Fighting
 + Level 12.1 Axes
 - Level 3.2 Armour
 - Level 3.2 Shields
 + Level 8.3 Invocations


You had 8 spell levels left.
You didn't know any spells.
Your spell library contained the following spells:

 Spells                   Type           Power      Damage    Failure   Level
 Animate Skeleton         Necr           0%         N/A       99%         1
 Pain                     Necr           0%         1d4       99%         1
 Vampiric Draining        Necr           0%         2d6       100%        3
 Animate Dead             Necr           0%         N/A       100%        4
 Agony                    Necr           0%         N/A       100%        5


Dungeon Overview and Level Annotations

Branches:
Dungeon (6/15)             Temple (1/1) D:4

Altars:
Dithmenos
Elyvilon
Fedhas
Makhleb
Qazlal
Sif Muna
Trog
Vehumet
Xom
Zin

Shops:
D:5 [

Annotations:
D:6 Maggie


Innate Abilities, Weirdness & Mutations

You are clumsy. (Dex -2)
You expend magic power (3 MP) to strengthen your wands.


Message History

You are electrocuted!
* * * LOW HITPOINT WARNING * * *
You are too injured to fight recklessly!
You barely miss Maggie. You block Maggie's attack.
Maggie is nearby!
It was a potion of brilliance.
You feel clever all of a sudden. You block Maggie's attack.
It was a potion of mutation.
You feel extremely strange.
You feel clumsy.
You feel your magical essence link to the dungeon's wands.
Maggie says, "Leave now, and tell all of Margery's mercy!"
Maggie mumbles some strange words.
Maggie draws you further into her thrall.
It was a potion of heal wounds.
You feel much better. Maggie closely misses you.
You barely miss Maggie. Maggie completely misses you.
You barely miss Maggie. You block Maggie's attack.
You hit Maggie.
Maggie is lightly wounded.
Maggie hits you with a +2 broad axe of electrocution! x2
* * * LOW HITPOINT WARNING * * *
You cannot move away from Maggie!
You cannot move away from Maggie!
You cannot move away from Maggie!
You closely miss Maggie.
Maggie is lightly wounded.
Maggie hits you with a +2 broad axe of electrocution!
* * * LOW HITPOINT WARNING * * *
Okay, then.
As you read the scroll labelled QAUF XEPPA, it crumbles to dust.
The creatures around you are filled with an inner flame!
It was a scroll of immolation.
Maggie hits you with a +2 broad axe of electrocution.
* * * LOW HITPOINT WARNING * * *
As you read the scroll labelled RATO AKHLUPULE, it crumbles to dust.
It is a scroll of enchant armour.
Your +0 scale mail glows green for a moment.
Maggie hits you but does no damage.
You are electrocuted!
You die...

#....#....#....#....
..
#....'....#....#....
..#....#....#....#....
.#######...##..###...
#......#...#######...
#....$.#.............
#......#.............
#...@..#.............
#...@○.#.......##....
#..†...##########....
#......+ #.....
#......# ##'###
#......# #.....
#......# #.....
#......# #.....
#......# #.....
#......# #.....


You could see Maggie (mesmerising, inner flame).

Vanquished Creatures
  Grinder (D:3)
  2 sky beasts
  An orc warrior (D:5)
  4 ogres
  A centaur (D:4)
  A kobold brigand (D:5)
  5 scorpions
  A water moccasin zombie (D:5)
  A water moccasin skeleton (D:5)
  Crazy Yiuf (D:2)
  2 hounds
  A centaur skeleton (D:5)
  4 iguanas
  2 hound skeletons (D:4)
  A howler monkey skeleton (D:5)
  5 adders
  An ufetubus (D:4)
  A worm (D:2)
  2 dart slugs (D:2)
  19 orcs
  4 endoplasms
  2 giant cockroaches (D:3)
  2 goblins (D:3)
  10 hobgoblins
  6 jackals
  3 quokkas
  7 ball pythons
  4 bats
  5 frilled lizards
  13 kobolds
  7 rats
119 creatures vanquished.

Vanquished Creatures (others)
  5 fungi (D:2)
5 creatures vanquished.

Grand Total: 124 creatures vanquished

Notes
Turn   | Place    | Note
-------+----------+-------------------------------------------
     0 | D:1      | Nithhogg the Hill Orc Fighter began the quest for the Orb.
     0 | D:1      | Reached XP level 1. HP: 19/19 MP: 1/1
    69 | D:1      | Reached skill level 3 in Axes
    88 | D:1      | Reached XP level 2. HP: 20/26 MP: 2/2
   485 | D:1      | Found a faded altar of an unknown god.
   631 | D:1      | Reached skill level 4 in Axes
  1224 | D:2      | Reached XP level 3. HP: 25/31 MP: 3/3
  1566 | D:2      | Reached skill level 5 in Axes
  1909 | D:2      | Found a runed translucent door.
  1909 | D:2      | You fall into a shaft and drop 1 floor!
  2041 | D:2      | Noticed Crazy Yiuf
  2050 | D:2      | Killed Crazy Yiuf
  2051 | D:2      | Reached skill level 6 in Axes
  2051 | D:2      | Reached XP level 4. HP: 12/39 MP: 4/4
  2406 | D:3      | Noticed Grinder
  2416 | D:3      | Paralysed by Grinder for 3 turns
  2438 | D:3      | Paralysed by Grinder for 7 turns
  2456 | D:3      | Killed Grinder
  2457 | D:3      | Reached skill level 8 in Axes
  2457 | D:3      | Reached XP level 5. HP: 12/45 MP: 5/5
  2457 | D:3      | Reached XP level 6. HP: 14/51 MP: 6/6
  3046 | D:4      | Found a shimmering blue altar of Sif Muna.
  3073 | D:4      | Reached skill level 9 in Axes
  3132 | D:4      | Found a staircase to the Ecumenical Temple.
  3184 | Temple   | Entered the Ecumenical Temple
  3197 | Temple   | Became a worshipper of Qazlal Stormbringer
  3288 | D:4      | Found a radiant altar of Vehumet.
  3360 | D:4      | Reached skill level 1 in Invocations
  3430 | D:4      | Found a white marble altar of Elyvilon.
  3450 | D:4      | Reached XP level 7. HP: 56/57 MP: 6/8
  3763 | D:5      | Entered Level 5 of the Dungeon
  3834 | D:5      | Reached skill level 10 in Axes
  3845 | D:5      | Reached XP level 8. HP: 26/64 MP: 11/11
  3846 | D:5      | Reached skill level 5 in Invocations
  4100 | D:5      | Found a shadowy altar of Dithmenos.
  4100 | D:5      | Found Ycefiqe's Armour Emporium.
  4139 | D:5      | Reached * piety under Qazlal
  4361 | D:5      | Reached skill level 11 in Axes
  4780 | D:6      | Found a shimmering altar of Xom.
  5497 | D:6      | Reached skill level 12 in Axes
  5497 | D:6      | Reached XP level 9. HP: 36/70 MP: 13/15
  5896 | D:6      | Noticed Maggie
  5905 | D:6      | Gained mutation: You are clumsy. (Dex -2) [potion of
                  | mutation]
  5905 | D:6      | Gained mutation: You expend magic power (3 MP) to
                  | strengthen your wands. [potion of mutation]
  5911 | D:6      | HP: 1/70 [Maggie/+2 broad axe of electrocution (3)]
  5912 | D:6      | Demolished by Maggie

Illustrated notes

Levels and vault maps discovered:
D:1:      dpeg_arrival_rooms_c, layout_basic,
          hellmonk_ecumenical_altar_crossroads
D:2:      layout_loops_ring, uniq_crazy_yiuf_cottage
D:3:      layout_rooms, uniq_grinder
D:4:      layout_loops_ring, nicolae_overflow_crystal_walls, lemuel_round_altar,
          nicolae_sif_muna_little_library, minmay_temple_entry_mini_moons
D:5:      cheibrodos_thug_alley, layout_rooms, overflow_temple_1_default,
          serial_shops, shop
D:6:      layout_gridville, nicolae_ru_the_path_less_chosen, lemuel_tele_altar,
          serial_shops, shop, uniq_maggie
Temple:   hc_temple_tempest_star

Skill      XL: |  1  2  3  4  5  6  7  8 |
---------------+-------------------------+-----
Axes           | 3 4 6 8 9 10 12 | 12.1
Invocations    | 1 4 8 |  8.3
Fighting       | |  3.6
Armour         | |  3.2
Shields        | |  3.2

Action                   |  1- 3 |  4- 6 |  7- 9 || total
-------------------------+-------+-------+-------++-------
Melee: War axe           |   110 |    75 |   203 ||   388
  Use: Potion            |       |     3 |     6 ||     9
       Scroll            |       |       |     2 ||     2
Armor: Scale mail        |    61 |    45 |    57 ||   163
       Skin              |       |     3 |    23 ||    26
Dodge: Dodged            |    29 |    34 |    40 ||   103
Block: Kite shield       |    49 |    48 |   109 ||   206

Table legend: (Time is in decaauts)
 A = Elapsed time spent in this place.
 B = Non-inter-level travel time spent in this place.
 C = Inter-level travel time spent in this place.
 D = Time resting spent in this place.
 E = Time spent auto-exploring this place.
 F = Levels seen in this place.
 G = Mean time per level.
                   A        B        C        D        E       F      G
               +--------+--------+--------+--------+--------+-----+--------+
         Total |   5973 |   5850 |    123 |    261 |   4666 |   7 |  853.3 |
       Dungeon |   5947 |   5831 |    116 |    261 |   4665 |   6 |  991.2 |
        Temple |     25 |     18 |      7 |      0 |      1 |   1 |   25.0 |
               +--------+--------+--------+--------+--------+-----+--------+

Top non-repeatable levels by time:
     D:5: 1297 daAuts
     D:1: 1231 daAuts
     D:2: 1023 daAuts
     D:6: 861 daAuts
     D:3: 779 daAuts
     D:4: 755 daAuts
  Temple: 25 daAuts
